 Dungeon Crawl Stone Soup version 0.30.0-5-g1a98f26d00 (webtiles) character file.

Game seed: 14670010261253478883

183 EnegeticOcto the Digger (level 6, -1/48 HPs)
             Began as a Meteoran Earth Elementalist on May 11, 2023.
             Slain by a wraith (4 damage)
             ... in an ossuary.
             The game lasted 00:04:12 (554 turns).

EnegeticOcto the Digger (MeEE)                       Turns: 554, Time: 00:04:13

Health: -1/48      AC:  3    Str:  9    XL:     6   Next: 17%
Magic:  1/13       EV: 12    Int: 19    God:
Gold:   83         SH:  0    Dex: 15    Spells: 8/14 levels left

rFire   . . .        j - +1 dagger (venom)
rCold   . . .        (no shield)
rNeg    . . .        a - +0 robe
rPois   .            (no helmet)
rElec   .            (no cloak)
rCorr   .            f - +0 pair of gloves
SInv    .            (no boots)
Will    .....        (no amulet)
Stlth   +            (no ring)
HPRegen 0.28/turn    (no ring)
MPRegen 0.13/turn

%: no passive effects
@: mighty, attractive, glowing
A: sense surroundings 1, otherworldly, glowing, explore regen
a: no special abilities


You were in an ossuary.
You visited 1 branch of the dungeon, and saw 4 of its levels.
You also visited: Ossuary.

You collected 83 gold pieces.

Inventory:

Hand Weapons
 j - a +1 dagger of venom (weapon)
   (You took it off a kobold on level 2 of the Dungeon)
Armour
 a - a +0 robe (worn)
 f - a +0 pair of gloves (worn)
   (You found it on level 1 of the Dungeon)
Magical Staves
 k - a staff of poison
   (You found it on level 3 of the Dungeon)
Scrolls
 e - 3 scrolls of identify {unknown}
 g - 2 scrolls of enchant armour {unknown}
 h - 2 scrolls of fog {unknown}
 l - a scroll of teleportation {unknown}
 m - 2 scrolls of magic mapping {unknown}
Potions
 b - a potion of magic
 c - a potion of curing {unknown}
 d - 2 potions of cancellation


   Skills:
 + Level 2.1 Fighting
 - Level 2.4 Dodging
 - Level 1.4 Stealth
 + Level 4.5 Spellcasting
 + Level 2.2 Conjurations
 - Level 1.2 Transmutations
 + Level 5.1 Earth Magic


You had 8 spell levels left.
You knew the following spells:

 Your Spells              Type           Power      Damage    Failure   Level
a - Sandblast             Erth           46%        2d11      1%          1
b - Stone Arrow           Conj/Erth      36%        3d9       9%          3
p - Passwall              Tmut/Erth      13%        N/A       5%          2

Your spell library contained the following spells:

 Spells                   Type           Power      Damage    Failure   Level
 Petrify                  Tmut/Erth      16%        N/A       34%         4


Dungeon Overview and Level Annotations

Branches:
Dungeon (4/15) Zot: 1889  Ossuary (1/1) Zot: 512
 Temple: D:4-7

Altars:

Annotations:
D:3 3 runed translucent doors, Jarnaxa's ghost, amateur HOMo; p3n3tr4t3's ghost, amateur DsCK; soepkip's ghost, amateur MiMo


Innate Abilities, Weirdness & Mutations

You passively map a small area around you.
You are easily found by Zot.
You glow in the dark.
You regain HP and MP as you explore.


Message History

The blast of sand hits the mummy but does no damage.
The mummy is heavily damaged.
Casting: Sandblast (safe; 1% risk of failure)
Confirm with . or Enter, or press ? or * to list all spells.
Aiming: Sandblast (safe; 1% risk of failure)
Press: ? - help, Shift-Dir - straight line, f/p - mummy
Aim: a mummy (heavily damaged, 92% to hit)
The blast of sand hits the mummy!
You destroy the mummy!
You open the door.
Found a scroll labelled GOEN NIOLY and a scroll labelled XEVVUC OQANAI.
Found a scroll labelled EZXIRHECORPHO.
There is an open door here.
l - a scroll labelled GOEN NIOLY
m - a scroll labelled XEVVUC OQANAI
g - 2 scrolls labelled EZXIRHECORPHO (gained 1)
There is an open door here.
As you open the door, it creaks loudly!
Found three items.
There is an open door here.
h - 2 scrolls labelled OMUUCZ SEMA (gained 1)
m - 2 scrolls labelled XEVVUC OQANAI (gained 1)
n - a bubbling grey potion
There is an open door here.
You open the gate.
There is an open gate here.
You open the door.
There is an open door here.
You open the door.
A wraith comes into view.
Found seven items.
Casting: Sandblast (safe; 1% risk of failure)
Confirm with . or Enter, or press ? or * to list all spells.
Aiming: Stone Arrow (dangerous; 9% risk of failure)
Press: ? - help, Shift-Dir - straight line, f - wraith
Aim: a wraith (68% to hit)
The stone arrow hits the wraith!
The wraith is moderately damaged.
Casting: Stone Arrow (dangerous; 9% risk of failure)
Confirm with . or Enter, or press ? or * to list all spells.
Aiming: Stone Arrow (dangerous; 9% risk of failure)
Press: ? - help, Shift-Dir - straight line, f/p - wraith
Aim: a wraith (moderately damaged, 68% to hit)
The stone arrow hits the wraith.
The wraith is heavily damaged.
Casting: Stone Arrow (dangerous; 9% risk of failure)
Confirm with . or Enter, or press ? or * to list all spells.
Aiming: Stone Arrow (dangerous; 9% risk of failure)
Press: ? - help, Shift-Dir - straight line, f/p - wraith
Aim: a wraith (heavily damaged, 68% to hit)
The stone arrow hits the wraith.
The wraith is heavily damaged.
The wraith hits you!
Casting: Stone Arrow (dangerous; 9% risk of failure)
Confirm with . or Enter, or press ? or * to list all spells.
Aiming: Sandblast (safe; 1% risk of failure)
Press: ? - help, Shift-Dir - straight line, f/p - wraith
Aim: a wraith (heavily damaged, 83% to hit)
The blast of sand hits the wraith but does no damage.
The wraith is heavily damaged.
The wraith hits you! The wraith drains your vigour!
You feel yourself slow down.
Casting: Sandblast (safe; 1% risk of failure)
Confirm with . or Enter, or press ? or * to list all spells.
Aiming: Sandblast (safe; 1% risk of failure)
Press: ? - help, Shift-Dir - straight line, f/p - wraith
Aim: a wraith (heavily damaged, 83% to hit)
The blast of sand hits the wraith but does no damage.
The wraith is heavily damaged.
The wraith closely misses you. The wraith hits you.
The wraith drains your vigour!
You feel as though you will be slow longer.
Casting: Sandblast (safe; 1% risk of failure)
Confirm with . or Enter, or press ? or * to list all spells.
Aiming: Sandblast (safe; 1% risk of failure)
Press: ? - help, Shift-Dir - straight line, f/p - wraith
Aim: a wraith (heavily damaged, 83% to hit)
The blast of sand hits the wraith but does no damage.
The wraith is heavily damaged.
The wraith hits you but does no damage. The wraith hits you!
The wraith drains your vigour!
You feel as though you will be slow longer.
You aren't carrying any items that you can evoke.
It was a potion of cancellation.
Your magical effects are unravelling.
You feel magically purged.
You feel yourself speed up. The wraith hits you. The wraith closely misses you.
There is an open door here.
It was a potion of attraction.
You feel attractive to monsters. The wraith closely misses you.
It was a potion of might.
You feel very mighty all of a sudden. The wraith hits you!
* * * LOW HITPOINT WARNING * * *
You hit the wraith.
The wraith is heavily damaged.
The wraith hits you.
You die...

...#####... , ,
, ,.##...##. #
*. ,##.!.!.##,
.# , .. *.?.!!..
..+, ... ..??.*
...# * #...
...**...# ,
*#...##'##...# *
, ,. #....W....#
. ,
..#####@#####..
...............
...............,
*
######'''######
####...####
#..'...'..#
#..#...#..#
####...####
#...#


You could see a wraith.

Vanquished Creatures
  2 orc priests (D:4)
  A sleepcap (D:4)
  An orc wizard (D:4)
  A mummy (Ossuary)
  An adder (D:3)
  3 dart slugs
  2 orcs
  6 ball pythons
  2 endoplasms (D:1)
  3 giant cockroaches
  2 goblins
  A hobgoblin (D:3)
  2 jackals (D:1)
  3 kobolds
  3 quokkas
  8 bats
  2 frilled lizards
  3 gnoll skeletons (Ossuary)
  3 kobold skeletons (Ossuary)
  3 orc skeletons (Ossuary)
  3 rats
55 creatures vanquished.

Notes
Turn   | Place    | Note
-------+----------+-------------------------------------------
     0 | D:1      | EnegeticOcto the Meteoran Earth Elementalist began the
                  | quest for the Orb.
     0 | D:1      | Reached XP level 1. HP: 14/14 MP: 5/5
    37 | D:1      | Reached skill level 3 in Spellcasting
    37 | D:1      | Reached XP level 2. HP: 20/20 MP: 4/7
    66 | D:1      | Reached skill level 4 in Earth Magic
   142 | D:1      | Reached XP level 3. HP: 26/26 MP: 6/8
   192 | D:1      | Learned a level 2 spell: Passwall
   196 | D:1      | Learned a level 3 spell: Stone Arrow
   334 | D:3      | Reached XP level 4. HP: 34/34 MP: 5/10
   371 | D:3      | Found a runed translucent gate.
   371 | D:3      | Found a runed translucent gate.
   372 | D:3      | Found a runed translucent gate.
   373 | D:3      | Noticed p3n3tr4t3's ghost (amateur DsCK)
   373 | D:3      | Noticed Jarnaxa's ghost (amateur HOMo)
   373 | D:3      | Noticed soepkip's ghost (amateur MiMo)
   426 | D:4      | Reached skill level 1 in Fighting
   426 | D:4      | Reached skill level 4 in Spellcasting
   426 | D:4      | Reached skill level 1 in Conjurations
   434 | D:4      | Reached XP level 5. HP: 40/40 MP: 6/12
   446 | D:4      | Reached skill level 5 in Earth Magic
   454 | D:4      | Reached skill level 2 in Fighting
   454 | D:4      | Reached skill level 2 in Conjurations
   454 | D:4      | Reached XP level 6. HP: 38/48 MP: 2/13
   468 | D:4      | Found a sand-covered staircase.
   479 | Ossuary  | Entered an ossuary
   479 | Ossuary  | Noticed a wraith
   479 | Ossuary  | Noticed a wraith
   479 | Ossuary  | Noticed a wraith
   543 | Ossuary  | Noticed a wraith
   554 | Ossuary  | Slain by a wraith

Illustrated notes

Levels and vault maps discovered:
D:1:      psy_arrival_basics, layout_rooms, item_on_display_a
D:2:      layout_loops_ring
D:3:      layout_loops_ring, portal_sewer_entry_a, gammafunk_ghost_cemetery
D:4:      layout_cave_pools, enter_ossuary_1, nicolae_nh_ransacked_shop
Ossuary:  ossuary_due_mausoleum

Skill      XL: |  1  2  3  4  5 |
---------------+----------------+-----
Spellcasting   | 3 4 |  4.5
Earth Magic    | 4 5 |  5.1
Fighting       | 1 2 |  2.1
Conjurations   | 1 2 |  2.2
Dodging        | |  2.4
Stealth        | |  1.4
Transmutations | |  1.2

Action                     |  1- 3 |  4- 6 || total
---------------------------+-------+-------++-------
  Melee: Dagger            |     8 |    23 ||    31
         Unarmed           |     6 |       ||     6
   Cast: Sandblast         |    44 |    40 ||    84
         Passwall          |     1 |       ||     1
         Stone Arrow       |       |     4 ||     4
    Use: Potion            |       |     3 ||     3
 Armour: Robe              |    25 |    13 ||    38
  Dodge: Dodged            |    36 |    23 ||    59
